Celery, neutral female sylph Priestess -------- |......| -------------- ---------------- |......| |.......[....| |..+......a.a!E.###########` |......| #..............# |........'..[a)| # --.-.-.- ###-.------------ #.......k.i..[..| ###----- ##### # ######## ###|............[[-########### #.<..| # # # # -----------|---- # |...| ### # ### ### # ### ....| # # # # # ###|...| #### ### ### ### ###....| -----.-# # # # ### |...| |......# ### # ## # ----- |......############# # # # ----------.---- ### |...<.| -.----|-# |..........>..| # |.....| |.....*|# |.....[.......| ### ------- |.......# |.............| # |.......###########..)............### |..+....# --------------- -------- Celery the Adept Experience level: 8 Strength: 16 Dexterity: 12 Constitution: 15 Intelligence: 19 Wisdom: 12 Charisma: 11 Health: 0(67) Energy: 76(83) Def: 3 Gold: 0 Moves: 9493 Dungeon seed: o7gd-BOgfYzqVbPH Game ID: Celery_1467841808 Your Inventory: Weapons a - a blessed corroded +1 mace (weapon in hand) v - 6 uncursed +0 arrows (in quiver) x - a blessed +0 bow Armor e - an uncursed +0 robe (being worn) n - an uncursed +0 small shield (being worn) y - an uncursed +0 mummy wrapping Comestibles D - 5 uncursed food rations K - an uncursed sprig of wolfsbane Potions i - an uncursed potion of extra healing E - an uncursed potion of acid L - an uncursed potion of blindness Rings g - a blessed +1 ring of increase damage m - a blessed +2 ring of increase accuracy p - an uncursed ring of polymorph control r - an uncursed +2 ring of gain strength u - an uncursed ring of shock resistance F - an uncursed ring of conflict I - an uncursed ring of see invisible M - an uncursed ring of teleport control Q - an uncursed +1 ring of gain constitution Wands l - an uncursed wand of magic missile (0:3) G - an uncursed wand of digging (0:6) P - an uncursed wand of striking (0:4) R - an uncursed wand of undead turning (0:6) S - an uncursed wand of probing (0:8) T - an uncursed wand of teleportation (0:3) X - an uncursed wand of create monster (0:6) Tools d - an uncursed skeleton key k - the uncursed rustproof +0 Quickpick (alternate weapon; not wielded) s - an uncursed sack Gems q - an uncursed worthless piece of green glass Contents of the sack: 5 uncursed scrolls of blank paper an uncursed scroll of create monster 2 uncursed scrolls of earth an uncursed scroll of enchant armor an uncursed scroll of enchant weapon an uncursed potion of blindness an uncursed potion of booze an uncursed potion of extra healing an uncursed potion of full healing an uncursed potion of gain ability an uncursed potion of gain energy a blessed potion of healing an uncursed potion of healing 2 potions of holy water an uncursed potion of monster detection 2 uncursed potions of object detection an uncursed potion of paralysis Spells and supernatural/magical abilities: Name Level Category Fail Memory k - knock 1 matter 0% 71% l - light 1 divination 0% 53% n - detect monsters 1 divination 0% 71% p - protection 1 clerical 0% 53% r - remove curse 3 clerical 0% 55% t - teleport away 6 escape 95% 100% x - extra healing 3 healing 50% 53% B - cure blindness 2 healing 2% 98% W - pray for help -- divine ? -- X - turn undead -- divine ? -- Your skills at the end: Miscellaneous Skills shield [Basic] wands [Basic] Weapon Skills mace [Skilled] Spellcasting Skills divination spells [Basic] clerical spells [Basic] Final Attributes: You were devoutly aligned. You saw invisible. You had infravision. You were invisible to others. You were displaced. You were stealthy. You were protected from shape changers. You were lucky. You are dead. Vanquished creatures: 2 giant mimics 3 leprechauns 3 lizards an iron piercer a werewolf a dwarf lord 2 ravens a gnome mummy a snake 2 human zombies a rope golem a Woodland-elf a soldier ant 2 wood nymphs 11 Mordor orcs a rock mole 5 rock piercers 3 yellow lights 3 shriekers a kobold mummy a red naga hatchling 4 elf zombies 2 ghouls a straw golem 2 paper golems 2 giant ants a little dog 2 floating eyes 4 dwarves 3 homunculi a kobold lord 7 iguanas 2 rothes a centipede 2 monkeys an orc zombie 4 dwarf zombies 4 wererats 6 coyotes 3 gas spores 3 hobbits 3 geckos 2 hobgoblins 2 giant rats 2 cave spiders 2 brown molds a yellow mold 2 green molds 4 gnomes 2 garter snakes a gnome zombie 8 jackals 4 foxes 5 kobolds 16 newts 7 goblins 8 sewer rats 20 grid bugs 2 bats 9 lichens 3 kobold zombies 205 creatures vanquished. Voluntary challenges: You were vegetarian. You had been an atheist until turn 1873. You used a wielded weapon 274 times, starting on turn 1. You did not apply a unicorn horn. You read items or engraved 62 times, starting on turn 356. You never genocided any monsters. You never polymorphed an object. You never changed form. You cheated 1 time but completed Sokoban on turn 7763. You used no wishes. You never split a pudding. You never wrote Elbereth's name. You never violated your personal moral code. Dungeon overview: The Dungeons of Doom: levels 1 to 7 Level 1 a fountain, a sink a long staircase Level 2 a fountain Level 3 Level 4 a long staircase Level 5 many fountains Level 6 <- You were here an altar to Raijin stairs to Sokoban Level 7 Sokoban: levels 2 to 5 Level 2 a magic chest Level 3 a sink Level 4 Level 5 a magic chest stairs to The Dungeons of Doom History has recorded: On T:1 you entered the Dungeons of Doom to retrieve the Amulet of Yendor! On T:653 you reached level 2 of The Dungeons of Doom. On T:826 you advanced to experience level 2. On T:1095 you reached level 3 of The Dungeons of Doom. On T:1533 you reached level 4 of The Dungeons of Doom. On T:2018 you advanced to experience level 3. On T:2332 you reached level 5 of The Dungeons of Doom. On T:2497 you advanced to experience level 4. On T:2529 you advanced to experience level 5. On T:2658 you reached level 7 of The Dungeons of Doom. On T:2836 you reached level 6 of The Dungeons of Doom. On T:3180 you received advice from The Oracle. On T:3180 you advanced to experience level 6. On T:3328 you reached level 4 of Sokoban. On T:3575 you opened a magic chest. On T:3579 you opened a magic chest. On T:3579 you opened a magic chest. On T:3580 you opened a magic chest. On T:3588 you opened a magic chest. On T:5084 you opened a magic chest. On T:5152 you opened a magic chest. On T:5183 you reached level 3 of Sokoban. On T:6044 you reached level 2 of Sokoban. On T:6516 you advanced to experience level 7. On T:6729 you reached level 1 of Sokoban. On T:7763 you entered the Sokoban zoo. On T:7919 you opened a magic chest. On T:7920 you opened a magic chest. On T:7920 you opened a magic chest. On T:7921 you opened a magic chest. On T:7931 you opened a magic chest. On T:8094 you opened a magic chest. On T:8102 you opened a magic chest. On T:8219 you opened a magic chest. On T:8537 you received Quickpick from Raijin. On T:8649 you opened a magic chest. On T:8680 you advanced to experience level 8. On T:8958 you opened a magic chest. On T:8959 you opened a magic chest. On T:8960 you opened a magic chest. Score breakdown: Gold: 0 ( 0 points) Experience: 8 levels ( 700 points) Exploration: 7 levels ( 180 points) Discoveries: 14 items ( 700 points) Variety of kills: 61 monsters ( 2000 points) Major goal: finished Sokoban ( 1000 points) Survival: died (score multiplied by 3) Total score: 13740 Latest messages: The soldier ant stings! The soldier ant bites! The soldier ant stings! The soldier ant bites! The soldier ant just misses! There is an altar to Raijin (neutral) here. There are many objects here. You see here an uncursed crude chain mail. You hit the soldier ant! The soldier ant bumps right into you! You hit the soldier ant. The soldier ant bites! The soldier ant stings! The soldier ant bites! The soldier ant stings! The soldier ant bites! The soldier ant misses. You kill the soldier ant! The soldier ant bites! The soldier ant stings! You fail to cast the spell correctly. The soldier ant just misses! The soldier ant stings! You die... Final status: Goodbye Celery the Priestess, killed by a soldier ant... You died in The Dungeons of Doom on dungeon level 6 with 13740 points, and 0 pieces of gold, after 9493 moves. You were level 8 with a maximum of 67 hit points when you died.